 Dungeon Crawl Stone Soup version 0.21.0-36-ge3e1d5aaab (webtiles) character file.

1224709 Rrauwl the Axe Maniac (level 27, -4/272 (273) HPs)
             Began as a Hill Orc Fighter on Jan 29, 2018.
             Was a High Priest of the Shining One.
             Killed by divine providence
             ... invoked by a daeva
              (11 damage)
             ... in Pandemonium on Jan 30, 2018.
             The game lasted 08:47:35 (88852 turns).

Rrauwl the Axe Maniac (Hill Orc Fighter)           Turns: 88852, Time: 08:47:35

HP:   -4/272 (273)  AC: 44    Str: 32    XL:     27
MP:   27/36         EV: 20    Int: 15    God:    the Shining One [*****.]
Gold: 13562         SH: 32    Dex:  8    Spells: 29/42 levels left

rFire    + + .     SeeInvis +   a - +9 broad axe (chop)
rCold    + + .     Gourm    .   m - +4 large shield {reflect}
rNeg     + + +     Faith    .   y - +0 gold dragon scales
rPois    +         Spirit   .   r - +2 helmet {SInv}
rElec    +         Reflect  +   L - +1 cloak of Starlight {rElec rC+ EV+4 Stlth--}
rCorr    +         Harm     .   k - +2 pair of gloves {Str+3}
MR       ++...     Rnd*Tele +   K - +2 pair of boots {run}
Stlth    ..........             X - amulet of Heuconk {+Rage rElec rPois Int+7 Dex-3}
HPRegen  0.55/turn              A - ring "Maroip" {+Fly rF+ rN+}
MPRegen  0.25/turn              d - ring "Vousab" {rCorr rElec rPois Str+4}

@: berserk cooldown, slowed, glowing, very slow
A: iridescent scales 1, blurry vision 1, clumsy 2, low mp 1, poison resistance,
teleportitis 1, weak 1
}: 12/15 runes: decaying, serpentine, slimy, silver, golden, iron, obsidian,
icy, bone, abyssal, demonic, glowing
a: Divine Shield, Cleansing Flame, Summon Divine Warrior, Renounce Religion,
Evoke Berserk Rage, Evoke Flight


You were in Pandemonium.
You worshipped the Shining One.
The Shining One was extremely pleased with you.
You were not hungry.

You visited 17 branches of the dungeon, and saw 85 of its levels.
You visited Pandemonium 1 time, and saw 5 of its levels.
You visited the Abyss 6 times.
You visited 1 bazaar.
You visited 2 ziggurats, and saw 34 of their levels (deepest: 18).
You also visited: Labyrinth, Trove and Volcano.

You collected 16030 gold pieces.
You spent 2468 gold pieces at shops.

Inventory:

Hand Weapons
 a - a +9 broad axe of chopping (weapon)
 c - a +9 broad axe of flaming
Missiles
 I - a throwing net (quivered)
Armour
 k - a +2 pair of gloves of strength (worn)
 m - a +4 large shield of reflection (worn)
 r - a +2 helmet of see invisible (worn)
 y - +0 gold dragon scales (worn)
 K - a +2 pair of boots of running (worn)
 L - the +1 cloak of Starlight (worn) {rElec rC+ EV+4 Stlth--}
   (You found it in a labyrinth)

   It affects your evasion (+4).
   It protects you from cold.
   It insulates you from electricity.
   It makes you much less stealthy.
 M - the +8 large shield of the Gloaming {+Inv rPois Int+2 Dex+2}
   (You found it in Pandemonium)

   It affects your intelligence (+2).
   It affects your dexterity (+2).
   It protects you from poison.
   It lets you turn invisible.
Jewellery
 d - the ring "Vousab" (right hand) {rCorr rElec rPois Str+4}
   (You found it on level 7 of Gehenna)

   [ring of resist corrosion]

   It affects your strength (+4).
   It insulates you from electricity.
   It protects you from poison.
 A - the ring "Maroip" (left hand) {+Fly rF+ rN+}
   (You found it on level 17 of a ziggurat)

   [ring of flight]

   It protects you from fire.
   It protects you from negative energy.
   It lets you fly.
 X - the amulet of Heuconk (around neck) {+Rage rElec rPois Int+7 Dex-3}
   (You found it on level 5 of the Pits of Slime)

   [amulet of rage]

   It affects your intelligence (+7).
   It affects your dexterity (-3).
   It insulates you from electricity.
   It protects you from poison.
   It lets you go berserk.
Wands
 o - a wand of paralysis (54)
 C - a wand of digging (30)
 D - a wand of acid (28)
 E - a wand of enslavement (40)
 G - a wand of scattershot (23)
 J - a wand of iceblast (35)
 P - a wand of disintegration (81)
Scrolls
 f - a scroll of summoning
 g - 6 scrolls of silence
 i - 9 scrolls of identify
 j - 48 scrolls of remove curse
 t - 21 scrolls of fog
 v - 8 scrolls of fear
 z - 25 scrolls of teleportation
 B - 13 scrolls of magic mapping
 F - 7 scrolls of blinking
Potions
 b - 4 potions of haste
 q - a potion of ambrosia
 s - 4 potions of resistance
 u - 4 potions of curing
 x - 2 potions of might
 N - 6 potions of cancellation
 S - 2 potions of agility
Books
 h - a book of the Earth

   Spells                             Type                      Level
   a - Leda's Liquefaction            Hexes/Earth                  4
   b - Bolt of Magma                  Conjuration/Fire/Earth       5
   c - Statue Form                    Transmutation/Earth          6
   d - Iron Shot                      Conjuration/Earth            6
   e - Shatter                        Earth                        9
 w - a book of Fire

   Spells                             Type                      Level
   a - Ignite Poison                  Fire/Transmutation/Poison    3
   b - Fireball                       Conjuration/Fire             5
   c - Bolt of Fire                   Conjuration/Fire             6
   d - Ring of Flames                 Charms/Fire                  7
   e - Ignition                       Fire                         8
 H - Weim's Guide on Dislocated Companions
   (You found it in Pandemonium)

   Spells                             Type                      Level
   a - Summon Small Mammal            Summoning                    1
   b - Lesser Beckoning               Translocation                3
   c - Summon Lightning Spire         Summoning/Air                4
   d - Shadow Creatures               Summoning                    6
   e - Dispersal                      Translocation                6
Miscellaneous
 l - 12 sacks of spiders
 n - 14 phantom mirrors
 p - 9 boxes of beasts
 T - a lamp of fire
 V - a lightning rod (4/4)
Comestibles
 e - 52 rations


   Skills:
 O Level 27 Fighting
 O Level 27 Axes
 O Level 27 Armour
 + Level 23.3 Dodging
 - Level 5.0 Stealth
 O Level 27 Shields
 - Level 8.0 Spellcasting
 O Level 27 Invocations
 O Level 27 Evocations


You had 29 spell levels left.
You knew the following spells:

 Your Spells              Type           Power        Failure   Level  Hunger
a - Blink                 Tloc           N/A          63%         2    None
b - Summon Butterflies    Summ           #.......     50%         1    None
c - Passwall              Tmut/Erth      #.........   63%         2    None
d - Lee's Rapid Deconstr  Erth           #.........   100%        5    #####..
e - Swiftness             Chrm/Air       #.......     63%         2    None
f - Apportation           Tloc           #.....       50%         1    None


Dungeon Overview and Level Annotations

Branches:
Dungeon (15/15)            Temple (1/1) D:6            Lair (6/6) D:10
  Swamp (4/4) Lair:4        Snake (4/4) Lair:3        Slime (5/5) Lair:5
    Orc (2/2) D:10            Elf (3/3) Orc:2        Vaults (5/5) D:14
  Crypt (3/3) Vaults:3       Tomb (3/3) Crypt:3      Depths (5/5) D:15
   Hell (1/1)                 Dis (7/7) Hell            Geh (7/7) Hell
    Coc (7/7) Hell            Tar (7/7) Hell            Zot (0/5) Depths:5

Altars:
Ashenzari
Cheibriados
Dithmenos
Elyvilon
Fedhas
Gozag
Hepliaklqana
Kikubaaqudgha
Makhleb
Nemelex Xobeh
Okawaru
Qazlal
Ru
Sif Muna
Trog
Uskayaw
Vehumet
Wu Jian
Xom
Yredelemnul
Zin
The Shining One
Beogh
Jiyva

Shops:
D:6 *   Orc:2 (([:   Snake:2 :([[   Vaults:1 !   Vaults:4 }   Depths:1 ?
Depths:2 *(}[(   Depths:4 }

Portals:
Hell: Depths:1 Depths:2 Depths:3 Depths:4 Depths:5
Abyss: Depths:2 Depths:4
Pandemonium: Depths:3 Depths:4


Innate Abilities, Weirdness & Mutations

You are partially covered in iridescent scales. (AC +2)
Scrolls take you a little longer to read.
You are very clumsy. (Dex -4)
Your magical capacity is low. (-10% MP)
Your system is resistant to poisons. (rPois)
You are occasionally teleported next to monsters.
You are weak. (Str -2)


Message History

Cast which spell? (? or * to list)
Okay, then.
Evoke which item? (* to show all) (? for menu, Esc to quit)
Okay, then.
The golden flame engulfs you! You resist. The golden flame engulfs your daeva.
Your daeva completely resists.
Your daeva is lightly wounded.
The golden flame engulfs the daeva.
The daeva completely resists.
The daeva is heavily wounded.
The golden flame engulfs the daeva.
The daeva completely resists.
The golden flame engulfs the daeva.
The daeva completely resists.
The daeva is moderately wounded.
You feel somewhat more hungry.
The Shining One is no longer ready to bless your weapon.
You hear a shout!
Your daeva calls down the wrath of the Shining One upon the daeva.
The daeva is smitten.
The daeva calls down the wrath of Zin upon you.
Zin smites you!
You die...

#≈≈≈≈≈≈≈.....####.........#A...
#≈≈≈≈≈≈....(####.........##...#
#≈≈≈≈........##.....).......)§#
#≈≈...........)...............#
####..##..#.##############...§#
#..##...###...(#... #.#...
#...#..###..#.....# #.##..
##.....##......# #.....
#∩....##..@...#### ######
#.....##.)AA.....# .
#.....#..AA).###.' ..
##....##..)).....# #.
#....##......#### ##
##...##......# . ##..###..#....
.. #...###....#.. ...
#..#.##############....#


You could see 3 daevas and a friendly daeva.

Vanquished Creatures
  Antaeus (Coc:7)
  Asmodeus (Geh:7)
  the Royal Jelly (Slime:5)
  Ereshkigal (Tar:7)
  Mnoleg (Pan)
  7 pandemonium lords
  A seraph (Pan)
  the Serpent of Hell (Geh:7)
  Dispater (Dis:7)
  5 ancient liches
  The ghost of Stone the Minotaur Barricade, a legendary MiFi of Okawaru (Slime:5)
  The ghost of chimenez the Warrior, a legendary FoFi of Cheibriados (Zig:15)
  6 juggernauts
  24 greater mummies
  9 shard shrikes
  Frederick (Crypt:1)
  Geryon (Hell)
  A Killer Klown (Zig:5)
  5 golden dragons
  2 caustic shrikes (Depths:2)
  Jory (Depths:4)
  A profane servitor (Abyss:4)
  16 bone dragons
  A pearl dragon (Pan)
  3 electric golems (Zig:14)
  7 doom hounds
  13 Brimstone Fiends
  5 iron giants
  12 Tzitzimimeh
  11 Hell Sentinels
  3 hellephants (Zig:15)
  8 tentacled monstrosities
  13 Ice Fiends
  4 deep elf blademasters
  17 acid blobs
  13 liches
  8 Executioners
  A deep elf master archer (Elf:3)
  A titan (Vaults:5)
  11 sphinxes
  13 tentacled starspawn
  8 quicksilver dragons
  Frances (Snake:1)
  12 ancient champions
  Agnes (D:15)
  A sphinx (shapeshifter) (Zig:13)
  An eldritch tentacle (Coc:7)
  13 shadow dragons
  8 tengu reavers
  A thorn hunter (Swamp:2)
  17 nagarajas
  9 storm dragons
  7 revenants
  Roxanne (Swamp:2)
  24 fire giants
  An azure jelly (shapeshifter) (Zig:13)
  12 daevas
  15 frost giants
  9 deep elf sorcerers
  11 azure jellies
  6 orc warlords
  18 vault wardens
  3 emperor scorpions
  3 ghost moths
  7 iron dragons
  Louise (Swamp:4)
  9 ghouls
  Aizul (Depths:2)
  14 balrugs
  2 warmongers
  3 caustic shrike zombies
  10 cacodemons
  3 deep elf elementalists
  6 spriggan defenders
  A draconian shifter (Depths:5)
  2 draconian stormcallers (Depths:5)
  A juggernaut zombie (Zig:13)
  19 angels (Pan)
  53 reapers
  21 ironheart preservers
  The ghost of Noxor the Eclecticist, an adept SpEn of Dithmenos (Vaults:1)
  8 ophanim (Pan)
  33 very ugly things
  9 vampire knights
  5 blood saints
  20 war gargoyles
  4 entropy weavers
  18 stone giants
  6 black suns
  7 deep elf demonologists
  A purple draconian (Zig:2)
  3 green draconians
  5 corrupters
  Azrael (Elf:1)
  2 black draconians
  10 apis (Pan)
  11 deep elf annihilators
  4 lorocyprocas
  3 yellow draconians (Depths:5)
  2 spark wasps
  5 merfolk javelineers
  4 dire elephants
  13 deep elf death magi
  19 mummy priests
  5 green deaths
  5 eidola
  The ghost of bartorex the Grappler, a journeyman TrBe of Trog (Orc:1)
  4 crystal guardians
  22 ettins
  6 quicksilver dragon zombies
  8 blizzard demons
  10 jiangshi
  6 death oozes
  A minotaur (Lab)
  2 merfolk impalers
  7 fire dragons
  12 great orbs of eyes
  18 yaktaur captains
  8 deep elf high priests
  7 quicksilver dragon skeletons
  20 naga warriors
  Fannar (D:12)
  2 ghost crabs (Tar:7)
  3 rakshasas
  2 ice dragons (shapeshifter)
  24 hydras
  28 ice dragons
  10 anacondas
  4 spriggan air magi
  A monstrous demonspawn (Depths:3)
  30 vault guards
  2 hell beasts (Zig:18)
  5 death knights
  An anaconda (shapeshifter) (Zig:5)
  41 two-headed ogres
  3 catoblepae (Lair:6)
  6 centaur warriors
  A merfolk avatar (Zig:15)
  12 ogre magi
  29 dancing weapons
  2 satyrs (Zig:15)
  8 vampire magi
  19 deep troll earth magi
  4 alligators
  6 death yaks (Lair:6)
  An alligator snapping turtle (shapeshifter) (Zig:13)
  35 death scarabs
  20 hell hogs
  14 deep troll shamans
  7 tengu warriors
  6 spriggan berserkers
  26 thrashing horrors
  7 titan zombies
  13 shock serpents
  9 orc high priests
  A shock serpent (shapeshifter) (Zig:13)
  25 naga sharpshooters
  5 iron golems
  52 hell knights
  9 soul eaters
  2 titan skeletons
  26 deep elf knights
  20 sun demons
  Sonja (D:15)
  4 storm dragon zombies
  16 iron trolls
  11 wretched stars
  5 storm dragon skeletons
  13 sixfirhies
  3 shadow wraiths
  11 cherubim (Pan)
  9 glowing orange brains
  An entropy weaver zombie (Crypt:2)
  A fire crab (shapeshifter) (Depths:3)
  A sea snake (shapeshifter) (Zig:5)
  A spark wasp zombie (Zig:13)
  2 gelid demonspawn (Pan)
  157 skeletal warriors
  2 spriggan druids
  3 death drakes
  12 unseen horrors
  A shambling mangrove (Zig:12)
  6 spatial maelstroms
  A kraken simulacrum (Hell)
  2 salamander mystics
  5 swamp dragons (Zig:12)
  19 deep elf archers
  5 sea snakes
  3 torturous demonspawn
  48 deep trolls
  16 ironbrand convokers
  8 naga ritualists
  4 anaconda zombies
  6 wizards
  A deep troll (shapeshifter) (Zig:9)
  A shadow dragon zombie (Geh:7)
  8 shadow demons
  2 tengu zombies
  4 golden dragon zombies
  17 flayed ghosts
  24 necromancers
  A harpy (shapeshifter) (Depths:3)
  15 orc knights
  2 anaconda skeletons
  The ghost of Gargoyl the Chopper, a novice CeAK of Lugonu (D:5)
  7 wolf spider zombies
  5 shadow dragon skeletons
  9 mana vipers
  4 golden dragon skeletons
  4 orb spiders
  A mana viper (shapeshifter) (Depths:3)
  12 phantasmal warriors
  A sphinx zombie (Depths:4)
  8 harpies
  54 ugly things
  12 orc sorcerers
  9 cyclopes
  2 fire giant zombies
  5 wolf spiders
  7 iron dragon zombies
  58 deep elf magi
  7 shining eyes
  8 frost giant zombies
  A salamander (shapeshifter) (Vaults:2)
  9 salamanders
  2 tengu skeletons
  2 stone giant zombies (Coc:7)
  A sphinx skeleton (Depths:4)
  3 oklob plants (Zig:12)
  2 worldbinders
  5 manticores
  3 fauns (Zig:15)
  A spriggan zombie (Zig:13)
  A centaur zombie (D:14)
  3 iron dragon skeletons
  An elephant (shapeshifter) (Depths:1)
  4 stone giant skeletons
  2 shock serpent zombies
  10 moths of wrath
  2 merfolk sirens
  28 naga magi
  4 frost giant skeletons
  5 water nymphs (Zig:15)
  Joseph (D:9)
  2 dire elephant zombies
  4 ice statues
  5 fire giant skeletons
  Maurice (D:8)
  3 torpor snails
  34 rust devils
  9 apocalypse crabs
  3 gargoyles
  10 guardian serpents
  9 orange demons
  2 guardian serpents (shapeshifter)
  42 black mambas
  Psyche (D:8)
  25 vault sentinels
  4 molten gargoyles
  5 eyes of devastation
  A torpor snail (shapeshifter) (Vaults:1)
  2 catoblepas zombies
  4 elf zombies
  A red draconian zombie (Dis:7)
  26 hellions
  22 smoke demons
  17 spiny frogs
  A spiny frog (shapeshifter) (Vaults:5)
  63 yaktaurs
  2 shock serpent skeletons
  7 efreet
  3 emperor scorpion zombies
  A rime drake (Lair:5)
  8 komodo dragons
  2 spriggan skeletons
  2 anaconda simulacra
  A demonic crawler (Zig:10)
  40 freezing wraiths
  38 guardian mummies
  A catoblepas skeleton (Crypt:2)
  A kobold demonologist (D:12)
  36 ice devils
  13 ancient zymes
  31 tormentors
  A black draconian skeleton (Geh:5)
  16 red devils
  2 tengu conjurers
  A purple draconian skeleton (Crypt:1)
  A golden dragon simulacrum (Depths:4)
  5 hellwings
  2 harpy zombies
  3 jumping spiders
  4 hydra zombies
  3 meliai (D:14)
  A jumping spider (shapeshifter) (Zig:2)
  11 trolls
  3 silent spectres
  A hornet (shapeshifter) (Vaults:3)
  14 merfolk (Zig:15)
  A wind drake (Abyss:3)
  54 large abominations
  5 hydra skeletons
  A tyrant leech (shapeshifter) (Vaults:5)
  Prince Ribbit (D:7)
  3 polar bears (D:11)
  5 blink frogs
  94 slime creatures
  10 bog bodies
  A shadow dragon simulacrum (Coc:5)
  A hippogriff (shapeshifter) (Depths:3)
  20 hornets
  A sphinx simulacrum (Depths:4)
  3 harpy skeletons
  10 alligator zombies
  2 dream sheep (D:11)
  7 fire dragon zombies
  10 hippogriffs
  30 raiju
  5 tyrant leeches
  4 ice dragon zombies
  An ice dragon skeleton (Dis:4)
  9 ettin zombies
  3 fire dragon skeletons
  77 starcursed masses
  13 air elementals
  36 shadows
  15 ushabtiu
  An alligator skeleton (Coc:7)
  9 spriggans
  8 ettin skeletons
  113 flying skulls
  A frost giant simulacrum (Depths:4)
  A spriggan (shapeshifter) (Abyss:4)
  13 ynoxinuls
  2 black mamba zombies
  A human (shapeshifter) (Zig:10)
  5 tarantellas
  18 fire elementals
  4 redbacks
  5 wyverns
  3 black mamba skeletons
  21 water elementals
  29 wraiths
  A yak (shapeshifter) (Depths:1)
  53 yaks
  17 vampire mosquitoes
  5 hungry ghosts
  3 golden eyes
  A swamp worm simulacrum (Swamp:4)
  Grum (D:8)
  3 basilisks
  A golden eye (shapeshifter) (Depths:2)
  26 neqoxecs
  14 chaos spawn
  5 fire bats
  35 small abominations
  A gelid demonspawn zombie (Crypt:1)
  9 spatial vortices
  13 wargs
  An infernal demonspawn zombie (Crypt:2)
  16 insubstantial wisps
  46 nagas
  18 swamp worms
  3 soldier ants
  A water nymph zombie (Crypt:2)
  2 soldier ants (shapeshifter)
  5 spiny frog zombies
  25 water moccasins
  18 hydra simulacra
  3 acid dragons
  A water moccasin (shapeshifter) (Vaults:2)
  5 human skeletons
  3 floating eyes
  A water nymph skeleton (Crypt:1)
  58 hell hounds
  3 porcupines
  78 orc warriors
  A hornet zombie (D:8)
  7 spiny frog skeletons
  7 swamp drakes
  6 sky beasts
  An alligator simulacrum (Coc:3)
  2 manticore zombies
  A black bear (D:8)
  A fire dragon simulacrum (Tomb:1)
  8 eyes of draining
  33 necrophages
  5 snapping turtle zombies
  11 phantoms
  9 ice beasts
  17 wolves
  10 boggarts
  A swamp dragon skeleton (Crypt:2)
  39 ogres
  12 centaurs
  3 manticore skeletons
  8 snapping turtle skeletons
  15 crocodiles
  4 big kobolds
  15 bullfrogs
  A glowing shapeshifter simulacrum (Depths:2)
  A water moccasin zombie (D:6)
  A wyvern zombie (D:13)
  3 earth elementals
  A spiny frog simulacrum (Hell)
  A yaktaur skeleton (Crypt:2)
  An elf skeleton (Hell)
  A wyvern skeleton (D:13)
  A yak zombie (Crypt:1)
  A scorpion (D:12)
  A human simulacrum (Vaults:1)
  6 killer bees (D:8)
  52 wights
  4 electric eels
  2 howler monkeys
  9 crimson imps
  A human zombie (Geh:7)
  2 quasits (Abyss:3)
  A bullfrog zombie (D:12)
  5 hounds
  A lava snake (D:14)
  3 jellies
  36 orc priests
  3 centaur skeletons
  31 iron imps
  A bullfrog skeleton (D:13)
  6 iguanas
  Jessica (D:2)
  12 worker ants
  30 orc wizards
  6 hell rats (Hell)
  A lightning spire (Zig:6)
  2 killer bee zombies
  A crocodile zombie (Crypt:1)
  An ogre zombie (Dis:2)
  A felid skeleton (Crypt:2)
  A hound zombie (D:6)
  A hound skeleton (D:7)
  55 mummies
  15 adders
  13 shadow imps
  19 white imps
  An ufetubus (Abyss:3)
  An ooze (D:5)
  7 swamp drake simulacra (Swamp:4)
  An adder skeleton (D:7)
  3 worms
  A barachi skeleton (Crypt:1)
  A leopard gecko (D:6)
  122 orcs
  4 ball pythons
  8 giant cockroaches
  5 goblins
  6 hobgoblins
  6 jackals
  2 quokkas
  3 bats
  2 frilled lizards
  6 kobolds
  2 kobold skeletons
  3 kobold zombies
  An orc skeleton (Geh:7)
  A quokka zombie (Crypt:2)
  4 rats
  A block of ice (Zig:13)
  4 briar patches (Swamp:2)
  8 crawling corpses
  2 fire vortices
  8 fungi
  4 plants
  19 starspawn tentacles
  A tentacle (Hell)
4651 creatures vanquished.

Vanquished Creatures (collateral kills)
  A juggernaut (Zig:17)
  2 ancient liches
  A pandemonium lord (Zig:13)
  A shard shrike (Coc:5)
  6 greater mummies
  2 golden dragons
  The ghost of GuyWithAPlan the Centaur Blade, an adept CeHu of Ru (Vaults:5)
  3 doom hounds
  2 Tzitzimimeh (Tar:7)
  2 Brimstone Fiends
  5 bone dragons
  3 Ice Fiends
  An iron giant (Dis:7)
  Jorgrun (Depths:1)
  4 liches
  A Hell Sentinel (Dis:7)
  5 quicksilver dragons
  A sphinx (Tomb:1)
  An eldritch tentacle (Pan)
  2 tentacled starspawn (Abyss:3)
  A titan (Vaults:5)
  3 acid blobs (Slime:5)
  3 Executioners (Pan)
  4 ancient champions
  2 shadow dragons
  Donald (Swamp:1)
  3 storm dragons
  A tengu reaver (Depths:2)
  The ghost of hofbold the Imperceptible, an adept SpEn of Dithmenos (Elf:3)
  2 azure jellies (Slime:5)
  2 deep elf sorcerers (Elf:3)
  4 balrugs (Geh:7)
  5 cacodemons (Pan)
  An iron dragon (Depths:3)
  2 daevas (Pan)
  A frost giant (Depths:2)
  An orc warlord (Zig:11)
  A vault warden (Vaults:2)
  3 fire giants
  2 deep elf elementalists
  3 angels (Pan)
  4 very ugly things
  2 ghouls
  3 ironheart preservers
  A juggernaut skeleton (Zig:13)
  5 war gargoyles
  10 reapers
  2 vampire knights (Crypt:1)
  2 ophanim (Pan)
  3 stone giants
  2 corrupters
  5 apis (Pan)
  A deep elf demonologist (Elf:3)
  A deep elf annihilator (Elf:3)
  A black sun (Zig:18)
  A spark wasp (Depths:3)
  A white draconian (Depths:5)
  A green death (Pan)
  An eidolon (Crypt:1)
  3 deep elf death magi
  3 death oozes (Slime:5)
  2 blizzard demons
  A crystal guardian (Crypt:3)
  4 jiangshi
  3 mummy priests
  A yaktaur captain (Depths:2)
  2 merfolk impalers (Zig:15)
  3 great orbs of eyes
  2 deep elf high priests
  2 ice dragons (Coc:7)
  5 vault guards (Vaults:5)
  A hell beast (Zig:18)
  2 rakshasas
  A hydra (Zig:12)
  2 ogre magi
  2 death knights
  An anaconda (Zig:14)
  A merfolk aquamancer (Zig:15)
  6 dancing weapons
  10 death scarabs
  A tengu warrior (Depths:2)
  A titan zombie (Tar:7)
  4 vampire magi
  A hell hog (Abyss:3)
  2 thrashing horrors
  A spriggan berserker (Depths:3)
  A shock serpent (Zig:14)
  2 iron golems (Dis:7)
  6 hell knights
  A spriggan (Zig:12)
  3 sun demons
  3 soul eaters
  A storm dragon skeleton (Zig:12)
  A storm dragon zombie (Zig:8)
  2 deep elf knights
  6 sixfirhies (Pan)
  A ghost moth zombie (Tar:7)
  26 skeletal warriors
  A wretched star (Abyss:3)
  2 iron trolls
  A naga ritualist (Zig:14)
  2 golden dragon zombies (Tar:7)
  2 anaconda zombies
  2 deep trolls (Depths:1)
  A torturous demonspawn (Pan)
  A flayed ghost (Zig:12)
  2 shadow demons
  A cherub (Pan)
  An ironbrand convoker (Vaults:5)
  A deep elf archer (Elf:3)
  A glowing orange brain (Abyss:3)
  2 orc knights
  3 phantasmal warriors
  2 golden dragon skeletons
  A shadow dragon zombie (Depths:2)
  A shambling mangrove (Zig:12)
  2 orb spiders (Zig:10)
  3 harpies
  An anaconda skeleton (Coc:7)
  9 large abominations
  An oklob plant (Zig:12)
  2 necromancers
  A shadow dragon skeleton (Hell)
  2 wolf spiders (Zig:9)
  An ugly thing (Depths:1)
  6 deep elf magi
  A faun (Zig:15)
  A mana viper (Zig:14)
  A wolf spider zombie (Abyss:4)
  A stone giant zombie (Depths:2)
  2 frost giant zombies
  An iron dragon skeleton (Tar:7)
  A frost giant skeleton (Tar:7)
  A dire elephant zombie (Tomb:1)
  6 rust devils
  A molten gargoyle (Geh:7)
  2 fire giant skeletons
  A stone giant skeleton (Geh:7)
  2 vault sentinels
  A water nymph (shapeshifter) (Vaults:5)
  A black mamba (Zig:14)
  2 water nymphs (Zig:15)
  A torpor snail (shapeshifter) (Zig:9)
  2 orange demons (Pan)
  2 smoke demons
  2 hellions
  A spiny frog (Swamp:1)
  2 freezing wraiths (Tar:7)
  A shock serpent skeleton (Tomb:3)
  5 yaktaurs
  A rime drake (shapeshifter) (Depths:1)
  2 tengu conjurers (Depths:2)
  An efreet (Abyss:3)
  4 tormentors
  A demonic crawler (Zig:10)
  17 guardian mummies
  2 ancient zymes (Abyss:3)
  5 red devils
  3 merfolk (Zig:15)
  A silent spectre (Zig:12)
  A red draconian skeleton (Crypt:1)
  2 hydra zombies (Hell)
  4 ice devils
  3 jumping spiders
  A hellwing (Pan)
  A tyrant leech (Swamp:1)
  A wind drake (Zig:15)
  6 slime creatures
  8 raiju
  3 hornets
  A blink frog (Abyss:3)
  3 fire dragon zombies
  An alligator zombie (Coc:7)
  2 ice dragon zombies
  13 flying skulls
  3 shadows (Tar:7)
  2 air elementals (Zig:14)
  An alligator skeleton (Tar:7)
  An ettin skeleton (Tar:7)
  6 ushabtiu
  3 ynoxinuls
  A fire dragon skeleton (Abyss:4)
  3 water elementals
  4 wraiths
  A black mamba skeleton (Tar:5)
  2 fire elementals (Hell)
  4 neqoxecs
  3 golden eyes (Pan)
  2 small abominations (Abyss:4)
  10 chaos spawn
  A warg (Zig:8)
  An insubstantial wisp (Swamp:1)
  A swamp worm (Swamp:1)
  3 spatial vortices
  A spiny frog zombie (Hell)
  7 hell hounds
  2 hydra simulacra
  A floating eye (Slime:5)
  An ice beast (Coc:7)
  4 orc warriors
  A swamp drake (Swamp:1)
  9 starcursed masses
  2 necrophages
  3 phantoms
  A snapping turtle skeleton (Geh:7)
  3 wights
  A quasit (Abyss:4)
  4 iron imps
  2 ogre zombies
  2 naga skeletons
  A demigod skeleton (Crypt:1)
  6 mummies
  A shadow imp (Tar:6)
  A white imp (Abyss:3)
  An orc (Vaults:5)
546 creatures vanquished.

Vanquished Creatures (others)
  A Killer Klown (Zig:13)
  3 deep elf master archers
  3 eldritch tentacles
  4 elemental wellsprings (Coc:7)
  4 spark wasps (Zig:14)
  A merfolk javelineer (Zig:15)
  3 yaktaur captains
  3 spriggan air magi (Zig:14)
  A merfolk avatar (Zig:15)
  2 centaur warriors
  8 death scarabs
  A shock serpent (Zig:14)
  6 naga sharpshooters
  A deep elf knight (Vaults:2)
  A skeletal warrior (Tomb:2)
  A cherub (Pan)
  A deep troll (Depths:1)
  2 deep elf archers
  A deep elf mage (Elf:2)
  A naga mage (Snake:4)
  10 yaktaurs
  3 raiju (Zig:14)
  A black mamba zombie (Geh:7)
  A water elemental (Coc:7)
  A redback (Zig:10)
  A chaos spawn (Zig:13)
  4 vampire mosquitoes (Swamp:4)
  4 insubstantial wisps (Zig:14)
  An orc warrior (Vaults:3)
  An alligator simulacrum (Abyss:4)
  2 necrophages
  A manticore skeleton (Geh:7)
  A small abomination (Abyss:2)
  2 wights (Tar:5)
  An orc wizard (Zig:11)
  A mummy (Tomb:2)
  A shadow imp (Tar:5)
  A white imp (Coc:7)
  A briar patch (Swamp:2)
  A lurking horror (Abyss:2)
  16 plants
  22 starspawn tentacles
  7 tentacles
132 creatures vanquished.

Grand Total: 5329 creatures vanquished

Notes
Turn   | Place    | Note
-------+----------+-------------------------------------------
     0 | D:1      | Rrauwl the Hill Orc Fighter began the quest for the Orb.
     0 | D:1      | Reached XP level 1. HP: 19/19 MP: 1/1
   337 | D:1      | Reached XP level 2. HP: 27/27 MP: 2/2
   789 | D:2      | Noticed Jessica
   802 | D:2      | Killed Jessica
   802 | D:2      | Reached XP level 3. HP: 13/33 MP: 3/3
  1212 | D:2      | Reached skill level 1 in Dodging
  1537 | D:2      | Found a white marble altar of Elyvilon.
  1547 | D:2      | Became a worshipper of Elyvilon the Healer
  1587 | D:3      | Reached XP level 4. HP: 40/40 MP: 4/4
  1615 | D:3      | Gained mutation: You have large cloven feet. [potion of mutation]
  1615 | D:3      | Gained mutation: You evolve. [potion of mutation]
  1615 | D:3      | Gained mutation: You are agile. (Dex +2) [potion of mutation]
  1615 | D:3      | Gained mutation: Your muscles are strong. (Str +2) [potion of mutation]
  1627 | D:3      | Reached XP level 5. HP: 23/47 MP: 5/5
  1857 | D:3      | Gained mutation: You have hoof-like feet. [evolution]
  1894 | D:3      | Reached * piety under Elyvilon
  2326 | D:4      | Noticed a phantom
  2349 | D:4      | Killed a phantom
  2349 | D:4      | Reached XP level 6. HP: 55/55 MP: 6/6
  2360 | D:4      | Found a burning altar of Makhleb.
  2449 | D:4      | Reached ** piety under Elyvilon
  2461 | D:4      | Reached skill level 5 in Fighting
  2645 | D:4      | Reached XP level 7. HP: 58/61 MP: 7/7
  2742 | D:4      | Reached skill level 5 in Axes
  2836 | D:5      | Entered Level 5 of the Dungeon
  2972 | D:5      | Noticed Gargoyl's ghost (novice CeAK)
  3206 | D:5      | Reached skill level 5 in Shields
  3255 | D:5      | Reached skill level 5 in Armour
  3360 | D:5      | Reached *** piety under Elyvilon
  3536 | D:5      | Killed Gargoyl's ghost
  3536 | D:5      | Reached XP level 8. HP: 31/73 MP: 2/8
  3867 | D:6      | Found a staircase to the Ecumenical Temple.
  3877 | Temple   | Entered the Ecumenical Temple
  4110 | Temple   | Fell from the grace of Elyvilon
  4110 | Temple   | Became a worshipper of the Shining One
  4110 | Temple   | Reached * piety under the Shining One
  4227 | D:6      | Reached ** piety under the Shining One
  4293 | D:6      | Reached skill level 1 in Invocations
  4329 | D:6      | Gained mutation: You are partially covered in iridescent scales. (AC +2) [evolution]
  4497 | D:6      | Reached XP level 9. HP: 75/81 MP: 11/11
  4665 | D:6      | Found Yjui's Assorted Antiques.
  4673 | D:6      | Bought a scroll labeled BORYCU RY ETTIPROA for 26 gold pieces
  5620 | D:7      | Noticed Prince Ribbit
  5637 | D:7      | Reached skill level 5 in Invocations
  5646 | D:7      | Killed Prince Ribbit
  5866 | D:8      | Noticed Maurice
  5877 | D:8      | Noticed a hornet
  5899 | D:8      | Reached skill level 10 in Axes
  5902 | D:8      | Paralysed by a hornet for 1 turns
  5907 | D:8      | Killed a hornet
  6187 | D:8      | Reached XP level 10. HP: 88/92 MP: 14/14
  6356 | D:8      | Reached skill level 10 in Fighting
  6358 | D:8      | Noticed Grum
  6368 | D:8      | Killed Grum
  6642 | D:8      | Killed Maurice
  6671 | D:8      | Found an ornate altar of the Wu Jian Council.
  6678 | D:8      | Noticed Psyche
  6690 | D:8      | Killed Psyche
  6859 | D:9      | Noticed a two-headed ogre
  6894 | D:9      | Noticed a two-headed ogre
  6986 | D:9      | Noticed Joseph
  7006 | D:9      | Killed Joseph
  7114 | D:9      | Killed a two-headed ogre
  7376 | D:9      | Paralysed by a kobold for 7 turns
  7464 | D:9      | Learned a level 2 spell: Blink
  7533 | D:9      | Killed a two-headed ogre
  7533 | D:9      | Reached XP level 11. HP: 91/102 MP: 13/18
  7760 | D:9      | Reached *** piety under the Shining One
  7860 | D:9      | Reached skill level 10 in Invocations
  7927 | D:9      | Gained mutation: You are mostly covered in iridescent scales. (AC +4) [evolution]
  8115 | D:10     | Entered Level 10 of the Dungeon
  8145 | D:10     | Found a staircase to the Orcish Mines.
  8233 | D:10     | Noticed a two-headed ogre
  8245 | D:10     | Killed a two-headed ogre
  8295 | D:10     | Found a staircase to the Lair.
  8412 | D:10     | Noticed a vault guard
  8425 | D:10     | Killed a vault guard
  8430 | D:10     | Found a portal to a secret trove of treasure.
  8700 | D:10     | Found a roughly hewn altar of Beogh.
  9604 | D:11     | Noticed a manticore
  9612 | D:11     | Killed a manticore
  9626 | D:11     | Found a labyrinth entrance.
  9653 | Lab      | Entered a labyrinth
 11068 | Lab      | Noticed a minotaur
 11080 | Lab      | Killed a minotaur
 11089 | Lab      | Found the +1 cloak of Starlight {rElec rC+ EV+4 Stlth--}
 11090 | Lab      | Got a jewelled ring mail
 11101 | Lab      | Identified the cursed +0 ring mail "Gijoj" {MR+} (You found it in a labyrinth)
 11103 | Lab      | Cast into level 2 of the Abyss (a distortion unwield)
 11170 | Abyss:2  | Noticed a tentacled starspawn
 11218 | Abyss:2  | Killed a tentacled starspawn
 11218 | Abyss:2  | Reached XP level 12. HP: 32/113 MP: 20/20
 11222 | Abyss:2  | Reached **** piety under the Shining One
 12129 | Abyss:2  | Noticed a tentacled starspawn
 12140 | Abyss:2  | Killed a tentacled starspawn
 12142 | Lab      | Escaped the Abyss
 12197 | D:11     | Noticed an ice dragon
 12222 | D:11     | Killed an ice dragon
 12553 | D:11     | Noticed a three-headed hydra
 12560 | D:11     | Killed a three-headed hydra
 12560 | D:11     | Reached XP level 13. HP: 122/122 MP: 18/22
 13710 | D:12     | Noticed Fannar
 13741 | D:12     | Killed Fannar
 14474 | Lair:1   | Entered Level 1 of the Lair of Beasts
 14483 | Lair:1   | Reached skill level 15 in Axes
 15324 | Lair:2   | Found a dark tunnel.
 15333 | Volcano  | Entered a volcano
 16105 | Lair:3   | Found a staircase to the Snake Pit.
 16159 | Lair:3   | Gained mutation: You are partially covered in yellow scales. (AC +2) [evolution]
 16276 | Lair:3   | Reached skill level 1 in Evocations
 17200 | Lair:4   | Got a steaming plate armour
 17211 | Lair:4   | Identified the +9 plate armour "Yse Xab" {rCorr Slay+3} (You found it on level 4 of the Lair of Beasts)
 17241 | Lair:4   | Reached ***** piety under the Shining One
 17257 | Lair:4   | Found a staircase to the Swamp.
 17834 | Lair:5   | Found a staircase to the Slime Pits.
 17939 | Lair:5   | Found a glowing golden altar of the Shining One.
 17986 | Lair:5   | Reached XP level 14. HP: 130/133 MP: 24/24
 18014 | Lair:5   | Got an ivory flail
 18015 | Lair:5   | Identified the +8 flail "Uhuf" {drain, rElec Str+4} (You found it on level 5 of the Lair of Beasts)
 18175 | Lair:5   | Reached skill level 15 in Fighting
 18209 | Lair:5   | You fall through a shaft!
 18209 | Lair:6   | Entered Level 6 of the Lair of Beasts
 19116 | Lair:6   | Reached skill level 5 in Dodging
 19134 | Lair:6   | Identified Tojux's Grimoire of Torrid Evil Magic
 19263 | Lair:6   | Reached skill level 5 in Evocations
 20007 | D:13     | Found an ancient bone altar of Kikubaaqudgha.
 20264 | D:14     | Reached XP level 15. HP: 141/141 MP: 25/25
 20357 | D:14     | Found a gate to the Vaults.
 20540 | D:14     | Identified the Papyrus of the Supportive Rocks
 20544 | D:14     | Learned a level 1 spell: Summon Butterflies
 20954 | D:15     | Entered Level 15 of the Dungeon
 20981 | D:15     | Reached ****** piety under the Shining One
 20998 | D:15     | Noticed Agnes
 21008 | D:15     | Killed Agnes
 21058 | D:15     | Found a flickering gateway to a bazaar.
 21066 | Bazaar   | Entered a bazaar
 21066 | Bazaar   | Found Nedosh's General Store.
 21067 | Bazaar   | Found Xuhint's Antique Weapon Shop.
 21072 | Bazaar   | Bought a potion of mutation for 96 gold pieces
 21101 | Bazaar   | Found Cugirrea's Food Shoppe.
 21105 | Bazaar   | Found Eloles's Distillery.
 21110 | Bazaar   | Found Gahishot's Distillery.
 21113 | Bazaar   | Bought a potion of mutation for 112 gold pieces
 21113 | Bazaar   | Bought a potion of heal wounds for 70 gold pieces
 21119 | Bazaar   | Bought a potion of haste for 140 gold pieces
 21119 | Bazaar   | Bought a potion of heal wounds for 70 gold pieces
 21119 | Bazaar   | Bought 2 potions of cancellation for 224 gold pieces
 21360 | D:15     | Noticed Sonja
 21375 | D:15     | Killed Sonja
 21502 | D:15     | Found a glowing golden altar of the Shining One.
 21730 | D:15     | Found a staircase to the Depths.
 22348 | Orc:1    | Entered Level 1 of the Orcish Mines
 22501 | Orc:1    | Noticed bartorex's ghost (journeyman TrBe)
 22523 | Orc:1    | Killed bartorex's ghost
 22809 | Orc:2    | Entered Level 2 of the Orcish Mines
 22825 | Orc:2    | Noticed an orc warlord
 22859 | Orc:2    | Killed an orc warlord
 22902 | Orc:2    | Found a roughly hewn altar of Beogh.
 22940 | Orc:2    | Found a staircase to the Elven Halls.
 23039 | Orc:2    | Found a roughly hewn altar of Beogh.
 23050 | Orc:2    | Found Meshreen's Book Boutique.
 23131 | Orc:2    | Found a roughly hewn altar of Beogh.
 23348 | Orc:2    | Noticed an orc warlord
 23369 | Orc:2    | Killed an orc warlord
 23511 | Orc:2    | Found Ceecloi's Antique Weapon Emporium.
 23512 | Orc:2    | Found a roughly hewn altar of Beogh.
 23513 | Orc:2    | Found Omaun's Antique Armour Shoppe.
 23520 | Orc:2    | Bought a pair of runed boots for 255 gold pieces
 23537 | Orc:2    | Bought a glowing broad axe for 161 gold pieces
 23823 | Orc:2    | Found a roughly hewn altar of Beogh.
 23836 | Orc:2    | Found Zotewkei's Weapon Boutique.
 23945 | Orc:2    | Found a roughly hewn altar of Beogh.
 24095 | Elf:1    | Entered Level 1 of the Elven Halls
 24336 | Swamp:1  | Entered Level 1 of the Swamp
 24341 | Swamp:1  | Reached XP level 16. HP: 149/149 MP: 26/26
 24467 | Swamp:1  | Noticed Donald
 24476 | Swamp:1  | Killed Donald
 24696 | Swamp:1  | Found a hazy altar of Hepliaklqana.
 24989 | Swamp:2  | Noticed a thorn hunter
 25002 | Swamp:2  | Killed a thorn hunter
 25052 | Swamp:2  | Noticed Roxanne
 25086 | Swamp:2  | Killed Roxanne
 25089 | Swamp:2  | Identified Roxanne's Guide on Clay (You took it off Roxanne on level 2 of the Swamp)
 26179 | Swamp:3  | Noticed a tentacled monstrosity
 26207 | Swamp:3  | Killed a tentacled monstrosity
 26207 | Swamp:3  | Reached skill level 10 in Shields
 26297 | Swamp:4  | Entered Level 4 of the Swamp
 26306 | Swamp:4  | Reached skill level 10 in Armour
 26445 | Swamp:4  | Noticed Louise
 26457 | Swamp:4  | Cast into level 2 of the Abyss (Louise)
 26464 | Swamp:4  | Escaped the Abyss
 26477 | Swamp:4  | Killed Louise
 26653 | Swamp:4  | Reached skill level 15 in Invocations
 26697 | Swamp:4  | Noticed an azure jelly
 26712 | Swamp:4  | Killed an azure jelly
 26977 | Swamp:4  | Got a decaying rune of Zot
 27522 | Snake:1  | Entered Level 1 of the Snake Pit
 27705 | Snake:1  | Reached XP level 17. HP: 136/161 MP: 28/28
 28200 | Snake:1  | Noticed Frances
 28211 | Snake:1  | Killed Frances
 29337 | Snake:2  | Found the ring of Shadows {Umbra +Inv Stlth+}
 29493 | Snake:2  | Found Vanlirol's Weapon Shoppe.
 29496 | Snake:2  | Found Goruhih's Armour Emporium.
 29496 | Snake:2  | Found Mafaonacw's Book Shoppe.
 29499 | Snake:2  | Found Fuiplutu's Antique Armour Emporium.
 30386 | Snake:3  | Gained mutation: You rapidly evolve. [evolution]
 30981 | Snake:4  | Entered Level 4 of the Snake Pit
 31059 | Snake:4  | Reached XP level 18. HP: 111/178 MP: 29/29
 33620 | Snake:4  | Got a serpentine rune of Zot
 34419 | Depths:1 | Entered Level 1 of the Depths
 34432 | Depths:1 | Noticed Jorgrun
 34447 | Depths:1 | Killed Jorgrun
 34494 | Depths:1 | Found Pomear's Magic Scroll Boutique.
 34760 | Depths:1 | Reached XP level 19. HP: 142/187 MP: 31/31
 34766 | Depths:1 | Identified the +5 war axe of Causality {flame, Dex+6} (You found it on level 1 of the Depths)
 34897 | Depths:1 | Bought a scroll of teleportation for 51 gold pieces
 35141 | Depths:1 | Gained mutation: You are very agile. (Dex +4) [evolution]
 35212 | Depths:1 | Found a gateway to Hell.
 35322 | Depths:1 | Paralysed by a great orb of eyes for 6 turns
 35977 | Depths:2 | Found a gateway to a ziggurat.
 36009 | Depths:2 | Noticed Aizul
 36016 | Depths:2 | Killed Aizul
 36018 | Depths:2 | Noticed a lich
 36026 | Depths:2 | Killed a lich
 36180 | Depths:2 | Found Geakuny's Antique Weapon Boutique.
 36251 | Depths:2 | Found Ziyda's Antique Weapon Shoppe.
 36302 | Depths:2 | Found Ynaifa Xarch's Gadget Shoppe.
 36397 | Depths:2 | Found Jodiets's Assorted Antiques.
 36400 | Depths:2 | Bought a scroll of enchant weapon for 270 gold pieces
 36400 | Depths:2 | Bought a bound golden ring for 180 gold pieces
 36400 | Depths:2 | Bought a scroll of enchant armour for 270 gold pieces
 36400 | Depths:2 | Bought a pair of glowing gloves for 270 gold pieces
 36424 | Depths:2 | Noticed a golden dragon
 36425 | Depths:2 | Noticed a caustic shrike
 36436 | Depths:2 | Killed a caustic shrike
 36438 | Depths:2 | Killed a golden dragon
 36522 | Depths:2 | Reached XP level 20. HP: 131/200 MP: 32/32
 36703 | Depths:2 | Noticed a caustic shrike
 36703 | Depths:2 | Noticed a juggernaut
 36707 | Depths:2 | Reached skill level 1 in Spellcasting
 36719 | Depths:2 | Killed a juggernaut
 36725 | Depths:2 | Killed a caustic shrike
 36761 | Depths:2 | Identified the ring of Iddewem {rCorr Str+4} (You bought it in a shop on level 2 of the Depths)
 36762 | Depths:2 | Identified the +3 scale mail "Rioruj" {Str+2 Int+3} (You found it on level 2 of the Depths)
 36914 | Depths:2 | Identified a +0 pair of boots of running (You found it on level 2 of the Depths)
 37090 | Depths:2 | Found a one-way gate to the infinite horrors of the Abyss.
 37151 | Depths:2 | Found Omnaevuc's Armour Boutique.
 37812 | Depths:3 | Gained mutation: Your mind is acute. (Int +2) [evolution]
 37964 | Depths:3 | Found a snail-covered altar of Cheibriados.
 38016 | Depths:3 | Paralysed by a floating eye for 3 turns
 38023 | Depths:3 | Reached XP level 21. HP: 164/211 MP: 28/33
 38027 | Depths:3 | Paralysed by a floating eye for 3 turns
 38074 | Depths:3 | Learned a level 2 spell: Passwall
 38080 | Depths:3 | Learned a level 5 spell: Lee's Rapid Deconstruction
 38098 | Depths:3 | Identified the +0 pair of boots "Juuneog" {-Cast MR++ Int+4 SInv} (You found it on level 3 of the Depths)
 38281 | Depths:3 | Paralysed by a great orb of eyes for 3 turns
 38320 | Depths:3 | Paralysed by a lich for 5 turns
 38327 | Depths:3 | Found a bloodstained altar of Trog.
 38349 | Depths:3 | Noticed a golden dragon
 38354 | Depths:3 | Killed a golden dragon
 38421 | Depths:3 | Found a bloodstained altar of Trog.
 38868 | Depths:3 | Found a basalt altar of Yredelemnul.
 39071 | Depths:3 | Found a one-way gate leading to the halls of Pandemonium.
 39078 | Depths:3 | Reached skill level 15 in Armour
 39078 | Depths:3 | Reached skill level 15 in Shields
 39521 | Lair:1   | Upgraded the game from 0.21.0-30-g47ce8e4cbb to 0.21.0-36-ge3e1d5aaab
 39617 | Vaults:1 | Entered Level 1 of the Vaults
 39892 | Vaults:1 | Reached XP level 22. HP: 220/220 MP: 34/34
 40108 | Vaults:1 | Found Mumuim's Distillery.
 40114 | Vaults:1 | Bought a potion of might for 52 gold pieces
 40114 | Vaults:1 | Bought a potion of heal wounds for 65 gold pieces
 40194 | Vaults:1 | Noticed Noxor's ghost (adept SpEn)
 40222 | Vaults:1 | Killed Noxor's ghost
 40420 | Vaults:1 | Learned a level 2 spell: Swiftness
 40496 | Vaults:1 | Identified the cursed +1 plate armour of Supple Strength {+Blink rF+} (You found it on level 1 of the Vaults)
 41293 | Slime:1  | Entered Level 1 of the Pits of Slime
 41295 | Slime:1  | Gained mutation: You occasionally shout uncontrollably at your foes. [a shining eye]
 41636 | Slime:2  | Paralysed by a great orb of eyes for 6 turns
 41897 | Slime:2  | Gained mutation: You are frail. (-10% HP) [a shining eye]
 42046 | Slime:2  | Gained mutation: You expend magic power (3 MP) to strengthen your wands. [a shining eye]
 42696 | Slime:4  | Gained mutation: Scrolls take you a little longer to read. [a shining eye]
 42724 | Slime:5  | Entered Level 5 of the Pits of Slime
 42745 | Slime:5  | Reached skill level 10 in Evocations
 43073 | Slime:5  | Noticed Stone's ghost (legendary MiFi)
 43105 | Slime:5  | Killed Stone's ghost
 43143 | Slime:5  | Found a viscous altar of Jiyva.
 43147 | Slime:5  | Noticed the Royal Jelly
 43153 | Slime:5  | Paralysed by a floating eye for 2 turns
 43165 | Slime:5  | Paralysed by a floating eye for 2 turns
 43189 | Slime:5  | Killed the Royal Jelly
 43189 | Slime:5  | Reached XP level 23. HP: 158/203 MP: 18/35
 43201 | Slime:5  | Paralysed by a floating eye for 2 turns
 43227 | Slime:5  | Identified the Papyrus of Fiery Flight
 43304 | Slime:5  | Got a slimy rune of Zot
 43326 | Slime:5  | Got a smoking graven amulet
 43329 | Slime:5  | Identified the amulet of Heuconk {+Rage rElec rPois Int+7 Dex-3} (You found it on level 5 of the Pits of Slime)
 43348 | Slime:5  | Got a vibrating lead amulet
 43351 | Slime:5  | Identified the amulet "Otty" {Faith Str+2 Int+3} (You found it on level 5 of the Pits of Slime)
 43894 | Depths:4 | Noticed a juggernaut
 43951 | Depths:4 | Found an iron altar of Okawaru.
 44024 | Depths:4 | Reached skill level 27 in Axes
 44077 | Depths:4 | Noticed Jory
 44103 | Depths:4 | Killed Jory
 44208 | Depths:4 | Found Soiliph's Gadget Shop.
 44284 | Depths:4 | Noticed a golden dragon
 44301 | Depths:4 | Killed a golden dragon
 44621 | Depths:5 | Entered Level 5 of the Depths
 44745 | Depths:5 | Noticed a golden dragon
 44754 | Depths:5 | Killed a golden dragon
 44928 | Depths:5 | Found a gate to the Realm of Zot.
 44928 | Depths:5 | Noticed a golden dragon
 44933 | Depths:5 | Killed a golden dragon
 45067 | Depths:5 | Reached XP level 24. HP: 175/218 MP: 35/35
 45636 | Depths:5 | Lost mutation: You are frail. (-10% HP) [evolution]
 46628 | Vaults:2 | Paralysed by a sphinx for 6 turns
 47705 | Vaults:2 | Reached skill level 27 in Fighting
 48600 | Vaults:3 | Found a staircase to the Crypt.
 48613 | Vaults:3 | Reached XP level 25. HP: 257/257 MP: 36/36
 50248 | Vaults:4 | Found Qopunarr's Gadget Shop.
 50581 | Lair:1   | Lost mutation: You have hoof-like feet. [potion of mutation]
 50581 | Lair:1   | Lost mutation: You are very agile. (Dex +4) [potion of mutation]
 50581 | Lair:1   | Lost mutation: Your mind is acute. (Int +2) [potion of mutation]
 50581 | Lair:1   | Lost mutation: You have large cloven feet. [potion of mutation]
 50581 | Lair:1   | Gained mutation: Your flesh is heat resistant. (rF+) [potion of mutation]
 50582 | Lair:1   | Lost mutation: Your flesh is heat resistant. (rF+) [potion of mutation]
 50582 | Lair:1   | Lost mutation: You are partially covered in yellow scales. (AC +2) [potion of mutation]
 50582 | Lair:1   | Lost mutation: You rapidly evolve. [potion of mutation]
 50582 | Lair:1   | Lost mutation: Scrolls take you a little longer to read. [potion of mutation]
 50582 | Lair:1   | Lost mutation: You expend magic power (3 MP) to strengthen your wands. [potion of mutation]
 50582 | Lair:1   | Gained mutation: You are resistant to hostile enchantments. (MR+) [potion of mutation]
 50904 | Vaults:5 | Entered Level 5 of the Vaults
 50933 | Vaults:5 | Noticed GuyWithAPlan's ghost (adept CeHu)
 50955 | Vaults:5 | Killed GuyWithAPlan's ghost
 50972 | Vaults:5 | Got a wavering lapis lazuli ring
 51202 | Vaults:5 | Reached XP level 26. HP: 172/266 MP: 28/38
 51258 | Vaults:5 | Identified the ring "Ehycvy" {*Contam +Inv MR+ Dex+5} (You found it on level 5 of the Vaults)
 51396 | Vaults:5 | Identified the Almanac of the Ashen Arsonist
 51564 | Vaults:5 | Cast into level 3 of the Abyss (a deep elf sorcerer)
 51566 | Abyss:3  | Found a corrupted altar of Lugonu.
 51631 | Vaults:5 | Escaped the Abyss
 51635 | Vaults:5 | Identified a scroll of acquirement
 51694 | Vaults:5 | Got a wavering bone amulet
 51698 | Vaults:5 | Identified the amulet "Rije" {+Rage rElec Str+4} (You took it off a deep elf sorcerer on level 5 of the Vaults)
 51768 | Vaults:5 | Identified the Incunabulum of the Traveller
 51869 | Vaults:5 | Cast into level 2 of the Abyss (a deep elf sorcerer)
 51928 | Abyss:3  | Paralysed by accursed screaming for 2 turns
 51935 | Abyss:3  | Paralysed by accursed screaming for 2 turns
 51984 | Abyss:3  | Lost mutation: Your muscles are strong. (Str +2) [a neqoxec]
 52537 | Abyss:3  | Found a corrupted altar of Lugonu.
 52580 | Abyss:3  | Found a corrupted altar of Lugonu.
 52589 | Vaults:5 | Escaped the Abyss
 52849 | Vaults:5 | Reached skill level 27 in Invocations
 52990 | Vaults:5 | Got a silver rune of Zot
 53147 | Vaults:4 | Gained mutation: You are robust. (+10% HP) [evolution]
 53566 | Elf:1    | Reached XP level 27. HP: 282/300 MP: 40/40
 53933 | Elf:1    | Noticed Azrael
 53948 | Elf:1    | Killed Azrael
 54889 | Elf:2    | Found a huge runed gate.
 54889 | Elf:2    | Found a huge runed gate.
 54889 | Elf:2    | Found a huge runed gate.
 54889 | Elf:2    | Found a huge runed gate.
 54891 | Elf:2    | Found a huge runed gate.
 55419 | Elf:2    | Cast into level 3 of the Abyss (trident of distortion)
 55544 | Abyss:3  | Gained mutation: Potions are less effective at restoring your health. [a cacodemon]
 55739 | Abyss:4  | Lost mutation: Potions are less effective at restoring your health. [potion of mutation]
 55739 | Abyss:4  | Lost mutation: You occasionally shout uncontrollably at your foes. [potion of mutation]
 55739 | Abyss:4  | Lost mutation: You evolve. [potion of mutation]
 55739 | Abyss:4  | Gained mutation: You are very robust. (+20% HP) [potion of mutation]
 55908 | Abyss:4  | Paralysed by accursed screaming for 1 turns
 56234 | Abyss:4  | Found a corrupted altar of Lugonu.
 56346 | Abyss:4  | Got an abyssal rune of Zot
 56355 | Abyss:4  | Found a corrupted altar of Lugonu.
 56489 | Abyss:4  | Gained mutation: Your body sometimes deteriorates upon taking damage. [a neqoxec]
 56517 | Abyss:4  | Gained mutation: Your magical capacity is low. (-10% MP) [a neqoxec]
 56596 | Elf:2    | Escaped the Abyss
 56905 | Elf:3    | Entered Level 3 of the Elven Halls
 56909 | Elf:3    | Noticed hofbold's ghost (adept SpEn)
 56921 | Elf:3    | Killed hofbold's ghost
 57092 | Elf:3    | Found the +2 Maxwell's thermic engine {flame, freeze, rF- rC-}
 57143 | Elf:3    | Identified the Reference Book on Moulding and Earth
 57191 | Elf:3    | Identified the +9 plate armour of Iwarph Jybo {Str+4} (You found it on level 3 of the Elven Halls)
 57193 | Elf:3    | Identified the cursed +0 plate armour of the Centipede {rElec rF+ Int-3} (You found it on level 3 of the Elven Halls)
 57197 | Elf:3    | Got a warped wooden ring
 57198 | Elf:3    | Identified the ring of Onkysir {rElec Int+3 Dex+2 SInv} (You acquired it on level 3 of the Elven Halls)
 57221 | Elf:3    | Got a twitching jade ring
 57316 | Elf:3    | Identified the ring of Teidghaify {AC+4 Str+6} (You took it off a deep elf blademaster on level 3 of the Elven Halls)
 58151 | Zig:1    | Entered Level 1 of a ziggurat
 58178 | Zig:2    | Entered Level 2 of a ziggurat
 58209 | Zig:2    | Learned a level 1 spell: Apportation
 58213 | Zig:3    | Entered Level 3 of a ziggurat
 58247 | Zig:4    | Entered Level 4 of a ziggurat
 58309 | Zig:5    | Entered Level 5 of a ziggurat
 58346 | Zig:5    | Identified the cursed +1 pearl dragon scales of Instinct {rN+ Str+3} (You found it on level 5 of a ziggurat)
 58361 | Zig:6    | Entered Level 6 of a ziggurat
 58369 | Zig:6    | Noticed a greater mummy
 58388 | Zig:6    | Killed a greater mummy
 58406 | Zig:6    | Got a pitted amber ring
 58409 | Zig:6    | Identified the ring "Hoykit" {rPois rN+ MR+ Int+4 Dex-2} (You found it on level 6 of a ziggurat)
 58679 | Zig:7    | Entered Level 7 of a ziggurat
 58877 | Zig:8    | Entered Level 8 of a ziggurat
 58978 | Zig:8    | Identified the Collected Works on Stones and Snow
 59000 | Zig:9    | Entered Level 9 of a ziggurat
 59079 | Zig:9    | Got a brightly glowing large shield
 59080 | Zig:9    | Identified the +0 large shield of Weyse {+Fly rPois rF+ SInv} (You acquired it on level 9 of a ziggurat)
 59083 | Zig:9    | Found the +2 pair of boots of the Assassin {Detection Stab+ Stlth++}
 59168 | Zig:10   | Entered Level 10 of a ziggurat
 59288 | Zig:11   | Entered Level 11 of a ziggurat
 59320 | Zig:11   | Gained mutation: Your body often deteriorates upon taking damage. [a neqoxec]
 59322 | Zig:11   | Gained mutation: You are weak. (Str -2) [a neqoxec]
 59323 | Zig:11   | Paralysed by accursed screaming for 2 turns
 59382 | Zig:11   | Got a scintillating wooden ring
 59383 | Zig:11   | Identified the ring of Nitor Gisia {*Drain Int+3 Slay+5} (You found it on level 11 of a ziggurat)
 59388 | Zig:11   | Got a wavering bronze ring
 59389 | Zig:11   | Identified the ring "Boblogh" {*Contam Str+2 Int+4 Stlth-} (You found it on level 11 of a ziggurat)
 59454 | Zig:12   | Entered Level 12 of a ziggurat
 59548 | Zig:12   | Got a warped jade ring
 59549 | Zig:12   | Identified the ring "Enatosesch" {Str+2 Int+3} (You found it on level 12 of a ziggurat)
 59825 | Zig:13   | Entered Level 13 of a ziggurat
 59897 | Zig:13   | Identified the amulet of Rolaip {Gourm rF+ Int+3} (You found it on level 13 of a ziggurat)
 59903 | Zig:13   | Lost mutation: You are agile. (Dex +2) [potion of mutation]
 59903 | Zig:13   | Lost mutation: Your magical capacity is low. (-10% MP) [potion of mutation]
 59903 | Zig:13   | Lost mutation: You are weak. (Str -2) [potion of mutation]
 59903 | Zig:13   | Gained mutation: You occasionally shout uncontrollably at your foes. [potion of mutation]
 59903 | Zig:13   | Gained mutation: You are dopey. (Int -2) [potion of mutation]
 59903 | Zig:13   | Gained mutation: You are somewhat resistant to further mutation. [potion of mutation]
 59935 | Zig:14   | Entered Level 14 of a ziggurat
 60115 | Zig:15   | Entered Level 15 of a ziggurat
 60115 | Zig:15   | Noticed chimenez's ghost (legendary FoFi)
 60143 | Zig:15   | Killed chimenez's ghost
 60273 | Zig:15   | Identified the cursed +0 hat of the Will of the Gods {rElec rPois rCorr Dex-3} (You found it on level 15 of a ziggurat)
 60282 | Zig:15   | Identified the amulet "Wessum" {+Rage +Inv rN+} (You found it on level 15 of a ziggurat)
 60288 | Zig:15   | Identified the ring "Erim" {Fire Int+4} (You found it on level 15 of a ziggurat)
 60289 | Zig:15   | Identified the Grimoire of Attacks
 60445 | Zig:16   | Entered Level 16 of a ziggurat
 61131 | D:10     | You paid a toll of +2 storm dragon scales to enter a treasure trove
 61132 | Trove    | Entered a treasure trove
 61152 | Trove    | Got a flickering ivory ring
 61153 | Trove    | Identified the ring of Dithmenos's Esteem {rElec rN+++ Str-4 Int+3} (You found it in a treasure trove)
 61212 | Lair:1   | Lost mutation: You are somewhat resistant to further mutation. [potion of mutation]
 61212 | Lair:1   | Lost mutation: You are resistant to hostile enchantments. (MR+) [potion of mutation]
 61212 | Lair:1   | Lost mutation: You occasionally shout uncontrollably at your foes. [potion of mutation]
 61212 | Lair:1   | Lost mutation: You are mostly covered in iridescent scales. (AC +4) [potion of mutation]
 61212 | Lair:1   | Gained mutation: You possess an exceptional clarity of mind. [potion of mutation]
 61213 | Lair:1   | Lost mutation: Your body often deteriorates upon taking damage. [potion of mutation]
 61213 | Lair:1   | Lost mutation: You possess an exceptional clarity of mind. [potion of mutation]
 61213 | Lair:1   | Lost mutation: Your body sometimes deteriorates upon taking damage. [potion of mutation]
 61213 | Lair:1   | Gained mutation: Your muscles are strong. (Str +2) [potion of mutation]
 61213 | Lair:1   | Gained mutation: You possess an exceptional clarity of mind. [potion of mutation]
 61431 | Crypt:1  | Entered Level 1 of the Crypt
 61608 | Crypt:1  | Noticed Frederick
 61619 | Crypt:1  | Killed Frederick
 62616 | Crypt:2  | Reached skill level 27 in Shields
 62808 | Crypt:3  | Entered Level 3 of the Crypt
 63180 | Crypt:3  | Found a basalt altar of Yredelemnul.
 63180 | Crypt:3  | Noticed an ancient lich
 63187 | Crypt:3  | Killed an ancient lich
 63478 | Crypt:3  | Found a staircase to the Tomb.
 64101 | Tomb:1   | Entered Level 1 of the Tomb of the Ancients
 64310 | Tomb:1   | Noticed a greater mummy
 64321 | Tomb:1   | Killed a greater mummy
 64450 | Tomb:1   | Noticed a greater mummy
 64465 | Tomb:1   | Killed a greater mummy
 64696 | Tomb:1   | Identified the Handbook of Shifting Sinister Magic
 64817 | Tomb:1   | Identified the Reference Book on Ghastly Earth
 65012 | Tomb:2   | Noticed a greater mummy
 65021 | Tomb:2   | Noticed a greater mummy
 65026 | Tomb:2   | Killed a greater mummy
 65030 | Tomb:2   | Noticed a greater mummy
 65031 | Tomb:2   | Noticed a greater mummy
 65031 | Tomb:2   | Killed a greater mummy
 65575 | Tomb:2   | Killed a greater mummy
 65781 | Tomb:2   | Killed a greater mummy
 66470 | Tomb:1   | Noticed a greater mummy
 66474 | Tomb:1   | Noticed a greater mummy
 66485 | Tomb:1   | Killed a greater mummy
 66488 | Tomb:1   | Killed a greater mummy
 66489 | Tomb:1   | Noticed a greater mummy
 66497 | Tomb:1   | Killed a greater mummy
 66900 | Tomb:1   | Noticed a greater mummy
 66913 | Tomb:1   | Killed a greater mummy
 66915 | Tomb:1   | Noticed a greater mummy
 66932 | Tomb:1   | Killed a greater mummy
 66966 | Tomb:1   | Noticed a greater mummy
 66972 | Tomb:1   | Noticed a greater mummy
 66978 | Tomb:1   | Killed a greater mummy
 66990 | Tomb:1   | Killed a greater mummy
 67053 | Tomb:1   | Noticed a greater mummy
 67061 | Tomb:1   | Killed a greater mummy
 67066 | Tomb:1   | Noticed a greater mummy
 67079 | Tomb:1   | Killed a greater mummy
 67257 | Tomb:1   | Noticed a greater mummy
 67258 | Tomb:1   | Noticed a greater mummy
 67266 | Tomb:1   | Killed a greater mummy
 67276 | Tomb:1   | Killed a greater mummy
 67341 | Tomb:1   | Noticed a greater mummy
 67341 | Tomb:1   | Noticed a greater mummy
 67354 | Tomb:1   | Killed a greater mummy
 67357 | Tomb:1   | Killed a greater mummy
 67528 | Tomb:1   | Noticed a greater mummy
 67538 | Tomb:1   | Killed a greater mummy
 67540 | Tomb:1   | Noticed a greater mummy
 67541 | Tomb:1   | Noticed a greater mummy
 67550 | Tomb:1   | Killed a greater mummy
 67561 | Tomb:1   | Killed a greater mummy
 68125 | Tomb:3   | Entered Level 3 of the Tomb of the Ancients
 68158 | Tomb:3   | Noticed a greater mummy
 68161 | Tomb:3   | Noticed a greater mummy
 68186 | Tomb:3   | Killed a greater mummy
 68200 | Tomb:3   | Killed a greater mummy
 68210 | Tomb:3   | Noticed an ancient lich
 68225 | Tomb:3   | Noticed a greater mummy
 68231 | Tomb:3   | Killed an ancient lich
 68232 | Tomb:3   | Noticed a greater mummy
 68243 | Tomb:3   | Killed a greater mummy
 68259 | Tomb:3   | Noticed a greater mummy
 68276 | Tomb:3   | Noticed a greater mummy
 68278 | Tomb:3   | HP: 16/324 [??? (6)]
 68279 | Tomb:3   | Killed a greater mummy
 68280 | Tomb:3   | Noticed a greater mummy
 68289 | Tomb:3   | Killed a greater mummy
 68295 | Tomb:3   | Killed a greater mummy
 68298 | Tomb:3   | Killed a greater mummy
 68753 | Tomb:3   | Got a brightly glowing pewter ring
 68754 | Tomb:3   | Identified the ring of Perfectionism {Wiz *Contam rN++} (You found it on level 3 of the Tomb of the Ancients)
 68794 | Tomb:3   | Got a brightly glowing steel ring
 68795 | Tomb:3   | Identified the ring of the Coward {Str+5 SInv} (You found it on level 3 of the Tomb of the Ancients)
 68913 | Tomb:3   | Got a golden rune of Zot
 69695 | Zig:1    | Entered Level 1 of a ziggurat
 69720 | Zig:2    | Entered Level 2 of a ziggurat
 69747 | Zig:3    | Entered Level 3 of a ziggurat
 69793 | Zig:4    | Entered Level 4 of a ziggurat
 69831 | Zig:5    | Entered Level 5 of a ziggurat
 69873 | Zig:6    | Entered Level 6 of a ziggurat
 70035 | Zig:7    | Entered Level 7 of a ziggurat
 70070 | Zig:7    | Identified the Volume of Execration and Dislocation
 70073 | Zig:7    | Got a fine brass amulet
 70074 | Zig:7    | Identified the amulet of Aphen {Harm *Drain Fragile rElec Str+3 Slay+2} (You found it on level 7 of a ziggurat)
 70083 | Zig:7    | Got a pitted ruby amulet
 70084 | Zig:7    | Identified the amulet of the Enemy {Regen+ Str+4} (You found it on level 7 of a ziggurat)
 70087 | Zig:8    | Entered Level 8 of a ziggurat
 70136 | Zig:8    | Found the cursed +14 obsidian axe {chop, +Fly SInv *Curse}
 70174 | Zig:9    | Entered Level 9 of a ziggurat
 70262 | Zig:10   | Entered Level 10 of a ziggurat
 70324 | Zig:10   | Got a transparent silver ring
 70326 | Zig:10   | Identified the ring "Qatuaxeu" {rPois Int+2 SInv} (You found it on level 10 of a ziggurat)
 70540 | Zig:11   | Entered Level 11 of a ziggurat
 70676 | Zig:12   | Entered Level 12 of a ziggurat
 70754 | Zig:13   | Entered Level 13 of a ziggurat
 70760 | Zig:13   | Noticed Ehalykhli the pandemonium lord
 70761 | Zig:13   | Noticed Hoephiesm the pandemonium lord
 70769 | Zig:13   | Noticed Fifuixky the pandemonium lord
 70770 | Zig:13   | Noticed Igoekec the pandemonium lord
 70772 | Zig:13   | Noticed Zisiryot the pandemonium lord
 70772 | Zig:13   | Killed Hoephiesm the pandemonium lord
 70775 | Zig:13   | Killed Ehalykhli the pandemonium lord
 70778 | Zig:13   | Killed Fifuixky the pandemonium lord
 70791 | Zig:13   | Killed Zisiryot the pandemonium lord
 70798 | Zig:13   | Killed Igoekec the pandemonium lord
 70888 | Zig:13   | Got a warped copper ring
 70890 | Zig:13   | Identified the ring of Obsession {rPois rF+ rC- Dex+4 Stlth+} (You found it on level 13 of a ziggurat)
 70913 | Zig:13   | Got a wavering wooden ring
 70915 | Zig:13   | Identified the ring "Appam" {Ice MR+ Slay+3 Stlth+} (You found it on level 13 of a ziggurat)
 70926 | Zig:14   | Entered Level 14 of a ziggurat
 70965 | Zig:14   | Reached skill level 27 in Armour
 71046 | Zig:14   | Identified Sif Muna's Guide on the Dusty Oath
 71054 | Zig:14   | Got a slimy hat
 71065 | Zig:14   | Identified the cursed +0 hat "Ynlaul" {Dex+4} (You found it on level 14 of a ziggurat)
 71083 | Zig:14   | Got a crude iron amulet
 71084 | Zig:14   | Identified the amulet "Busuotemn" {RegenMP rF- rC- MR+++ SInv} (You found it on level 14 of a ziggurat)
 71134 | Zig:15   | Entered Level 15 of a ziggurat
 71585 | Zig:15   | Got a steaming lapis lazuli ring
 71587 | Zig:15   | Identified the ring of Levity {rPois Str-4 Int+4 Slay+2} (You found it on level 15 of a ziggurat)
 71600 | Zig:15   | Got a sparkling golden ring
 71602 | Zig:15   | Identified the ring "Gagguh" {*Slow +Fly Str+4 SInv Stlth+} (You found it on level 15 of a ziggurat)
 71616 | Zig:16   | Entered Level 16 of a ziggurat
 71659 | Zig:16   | Paralysed by accursed screaming for 2 turns
 71671 | Zig:16   | Paralysed by accursed screaming for 2 turns
 71680 | Zig:16   | Paralysed by accursed screaming for 1 turns
 71719 | Zig:16   | Reached skill level 10 in Dodging
 71732 | Zig:16   | Got a bound amber ring
 71734 | Zig:16   | Identified the ring of the Prince of Darkness {MP+9 SInv} (You found it on level 16 of a ziggurat)
 71739 | Zig:16   | Identified the Handbook of the Helpful Entourage
 71946 | Zig:17   | Entered Level 17 of a ziggurat
 71952 | Zig:17   | Noticed a juggernaut
 71953 | Zig:17   | Noticed a juggernaut
 71967 | Zig:17   | Noticed a juggernaut
 71970 | Zig:17   | Killed a juggernaut
 71973 | Zig:17   | Noticed a juggernaut
 71976 | Zig:17   | Noticed a juggernaut
 71981 | Zig:17   | Noticed a juggernaut
 71982 | Zig:17   | Killed a juggernaut
 71991 | Zig:17   | Killed a juggernaut
 71996 | Zig:17   | Killed a juggernaut
 71997 | Zig:17   | Killed a juggernaut
 72001 | Zig:17   | Killed a juggernaut
 72050 | Zig:17   | Got a scorched tin ring
 72052 | Zig:17   | Identified the ring "Xoucag" {Wiz rElec MR+ Dex-4 Slay+2} (You found it on level 17 of a ziggurat)
 72065 | Zig:17   | Reached skill level 15 in Evocations
 72069 | Zig:17   | Identified the ring "Maroip" {+Fly rF+ rN+} (You found it on level 17 of a ziggurat)
 72448 | Zig:18   | Entered Level 18 of a ziggurat
 72476 | Zig:18   | Noticed Tonomn the pandemonium lord
 72507 | Zig:18   | Killed Tonomn the pandemonium lord
 72800 | Zig:18   | Found the +8 autumn katana {slice, Clar}
 72817 | Zig:18   | Identified Ciuv's Catalogue of the Earthen Birds
 72843 | Zig:18   | Identified Ojos's Tome of Cold
 73081 | Hell     | Entered the Vestibule of Hell
 73081 | Hell     | Noticed Geryon
 73107 | Hell     | Killed Geryon
 73119 | Hell     | Reached skill level 5 in Spellcasting
 73309 | Hell     | Found a gateway to the freezing wastes of Cocytus.
 73384 | Hell     | Found a gateway to the Iron City of Dis.
 73470 | Hell     | Found a gateway to the ashen valley of Gehenna.
 73550 | Hell     | Found a gateway to the decaying netherworld of Tartarus.
 73695 | Geh:1    | Entered Level 1 of Gehenna
 73787 | Geh:2    | Reached skill level 1 in Stealth
 73853 | Geh:3    | Reached skill level 15 in Dodging
 74350 | Geh:7    | Entered Level 7 of Gehenna
 74455 | Geh:7    | Noticed the Serpent of Hell
 74476 | Geh:7    | Killed the Serpent of Hell
 74476 | Geh:7    | Reached skill level 5 in Stealth
 74705 | Geh:7    | Got a glittering silver ring
 74706 | Geh:7    | Identified the ring "Vousab" {rCorr rElec rPois Str+4} (You found it on level 7 of Gehenna)
 74832 | Geh:7    | Identified Poqu Cedwoyc's Compendium of Ice
 74905 | Geh:7    | Noticed an ancient lich
 74909 | Geh:7    | Killed an ancient lich
 75083 | Geh:7    | Cast into level 4 of the Abyss (a lich)
 75169 | Abyss:4  | Lost mutation: You possess an exceptional clarity of mind. [a neqoxec]
 75218 | Abyss:4  | Paralysed by you for 3 turns
 75364 | Geh:7    | Escaped the Abyss
 75451 | Geh:7    | Noticed Asmodeus
 75478 | Geh:7    | Killed Asmodeus
 75528 | Geh:7    | Got an obsidian rune of Zot
 75933 | Dis:1    | Entered Level 1 of the Iron City of Dis
 76010 | Dis:2    | You fall through a shaft!
 77376 | Dis:6    | Gained mutation: You are clumsy. (Dex -2) [mutagenic glow]
 77508 | Dis:7    | Entered Level 7 of the Iron City of Dis
 77697 | Dis:7    | Found the amulet of the Air {Inacc +Fly rElec EV+5 RMsl}
 77948 | Dis:7    | Noticed Dispater
 77978 | Dis:7    | Killed Dispater
 78014 | Dis:7    | Got an iron rune of Zot
 78735 | Coc:1    | Entered Level 1 of Cocytus
 79452 | Coc:7    | Entered Level 7 of Cocytus
 80022 | Coc:7    | Noticed Antaeus
 80055 | Coc:7    | Killed Antaeus
 80104 | Coc:7    | Got an icy rune of Zot
 80728 | Lair:1   | Lost mutation: You are dopey. (Int -2) [potion of mutation]
 80728 | Lair:1   | Lost mutation: You are clumsy. (Dex -2) [potion of mutation]
 80728 | Lair:1   | Lost mutation: Your muscles are strong. (Str +2) [potion of mutation]
 80728 | Lair:1   | Lost mutation: You are very robust. (+20% HP) [potion of mutation]
 80728 | Lair:1   | Gained mutation: You are resistant to hostile enchantments. (MR+) [potion of mutation]
 80728 | Lair:1   | Gained mutation: Your system is resistant to poisons. (rPois) [potion of mutation]
 80963 | Tar:1    | Entered Level 1 of Tartarus
 81828 | Tar:4    | Noticed an ancient lich
 81839 | Tar:4    | Killed an ancient lich
 82562 | Tar:7    | Entered Level 7 of Tartarus
 82569 | Tar:7    | Reached skill level 27 in Evocations
 82667 | Tar:7    | Noticed an ancient lich
 82692 | Tar:7    | Killed an ancient lich
 82772 | Tar:7    | Noticed an ancient lich
 82775 | Tar:7    | Paralysed by an ancient lich for 2 turns
 82779 | Tar:7    | Killed an ancient lich
 83224 | Tar:7    | Identified the +2 broad axe "Widowmaker" {chop, +Rage Int+2 Stlth+} (You took it off a skeletal warrior on level 7 of Tartarus)
 83270 | Tar:7    | Got a slimy graven amulet
 83349 | Tar:7    | Noticed an ancient lich
 83359 | Tar:7    | Killed an ancient lich
 83409 | Tar:7    | Noticed Ereshkigal
 83412 | Tar:7    | Paralysed by Ereshkigal for 3 turns
 83608 | Tar:7    | Found the +0 Maxwell's etheric cage {RegenMP+ *Contam rElec MP+4}
 83613 | Tar:7    | Identified the amulet "Luajietz" {*Drain rC++ Regen+} (You took it off a skeletal warrior on level 7 of Tartarus)
 83660 | Tar:7    | Identified the +5 broad axe "Luzo" {chop, rN+} (You found it on level 7 of Tartarus)
 83835 | Tar:7    | Killed Ereshkigal
 83862 | Tar:7    | Got a bone rune of Zot
 84193 | D:6      | Bought a scroll of teleportation for 78 gold pieces
 84193 | D:6      | Bought a potion of curing for 78 gold pieces
 84532 | Pan      | Entered Pandemonium
 84593 | Pan      | Noticed Kocatin the pandemonium lord
 84866 | Pan      | Found an exit through the horrors of the Abyss.
 85065 | Pan      | Noticed Jukavop the pandemonium lord
 85081 | Pan      | Killed Jukavop the pandemonium lord
 85699 | Pan      | Noticed Fuufosid the pandemonium lord
 85708 | Pan      | Killed Fuufosid the pandemonium lord
 86221 | Pan      | Entered the realm of Mnoleg.
 86221 | Pan      | Found an exit through the horrors of the Abyss.
 86415 | Pan      | Gained mutation: You are dopey. (Int -2) [a neqoxec]
 86422 | Pan      | Gained mutation: Your spells are a little easier to cast, but a little less powerful. [a neqoxec]
 86823 | Pan      | Gained mutation: Your magical capacity is low. (-10% MP) [a cacodemon]
 86825 | Pan      | Gained mutation: You are occasionally teleported next to monsters. [a neqoxec]
 86835 | Pan      | Gained mutation: You expend magic power (3 MP) to strengthen your wands. [a cacodemon]
 86855 | Pan      | Lost mutation: You are dopey. (Int -2) [potion of mutation]
 86855 | Pan      | Lost mutation: You are robust. (+10% HP) [potion of mutation]
 86855 | Pan      | Lost mutation: You expend magic power (3 MP) to strengthen your wands. [potion of mutation]
 86855 | Pan      | Lost mutation: You are resistant to hostile enchantments. (MR+) [potion of mutation]
 86855 | Pan      | Gained mutation: You are clumsy. (Dex -2) [potion of mutation]
 86855 | Pan      | Lost mutation: Your spells are a little easier to cast, but a little less powerful. [potion of mutation]
 86932 | Pan      | Gained mutation: Scrolls take you a little longer to read. [a neqoxec]
 86942 | Pan      | Noticed Mnoleg
 86950 | Pan      | Gained mutation: You are very clumsy. (Dex -4) [a cacodemon]
 86963 | Pan      | Killed Mnoleg
 86982 | Pan      | Got a glowing rune of Zot
 87002 | Pan      | Gained mutation: You are weak. (Str -2) [a neqoxec]
 87504 | Pan      | Noticed a seraph
 87524 | Pan      | Killed a seraph
 87531 | Pan      | Found a glowing golden altar of the Shining One.
 87552 | Pan      | Got a demonic rune of Zot
 87558 | Pan      | Identified Weim's Guide on Dislocated Companions
 88270 | Pan      | Identified the +8 large shield of the Gloaming {+Inv rPois Int+2 Dex+2} (You found it in Pandemonium)
 88403 | Pan      | Found a white marble altar of Elyvilon.
 88820 | Pan      | Found a glowing silver altar of Zin.
 88851 | Pan      | HP: 7/272 [daeva/divine providence (15)]
 88852 | Pan      | Killed from afar by a daeva

Skill      XL: |  1  2  3  4  5  6  7  8  9 10 11 12 13 14 15 16 17 18 19 20 21 22 23 24 25 26 27 |
---------------+----------------------------------------------------------------------------------+-----
Fighting       | 4 5 7 8 9 11 12 13 14 15 17 20 22 23 25 27 | 27.0
Axes           | 3 4 7 8 10 12 13 14 15 17 21 22 24 26 27 | 27.0
Dodging        | 1 2 3 4 5 6 7 8 23 | 23.3
Armour         | 4 5 6 7 8 9 10 12 13 15 27 | 27.0
Shields        | 4 5 6 7 8 9 10 12 13 15 27 | 27.0
Invocations    | 3 6 9 11 12 14 15 16 18 23 27 | 27.0
Evocations     | 3 5 6 10 27 | 27.0
Spellcasting   | 2 8 |  8.0
Stealth        | 5 |  5.0

Action                   |  1- 3 |  4- 6 |  7- 9 | 10-12 | 13-15 | 16-18 | 19-21 | 22-24 | 25-27 || total
-------------------------+-------+-------+-------+-------+-------+-------+-------+-------+-------++-------
Melee: War axe           |    74 |   100 |   248 |   506 |   135 |       |    11 |       |       ||  1074
       Kick              |       |    29 |    78 |   168 |   320 |       |       |       |       ||   595
       Morningstar       |       |       |       |     4 |    26 |    21 |       |       |       ||    51
       Broad axe         |       |       |       |       |   982 |  1105 |   887 |  1165 |  7128 || 11267
 Cast: Summon Butterflie |       |       |       |       |       |       |       |       |     1 ||     1
Invok: Lesser Healing    |       |       |     7 |       |       |       |       |       |       ||     7
       Divine Shield     |       |       |     2 |    11 |    14 |    18 |    15 |    12 |    48 ||   120
       Cleansing Flame   |       |       |       |     1 |       |       |       |       |    35 ||    36
       Summon Divine War |       |       |       |       |       |     3 |     4 |     9 |    95 ||   111
 Abil: Evoke Flight      |       |       |       |       |     1 |       |       |       |    13 ||    14
       Evoke Berserk Rag |       |       |       |       |       |       |     1 |     1 |    41 ||    43
       Stop Flying       |       |       |       |       |       |       |       |       |     2 ||     2
Evoke: Wand              |       |     1 |     1 |    12 |     4 |     1 |     2 |     1 |    12 ||    34
       Phial of floods   |       |       |       |     1 |       |       |       |       |       ||     1
       Box of beasts     |       |       |       |       |       |       |       |       |     1 ||     1
       Sack of spiders   |       |       |       |       |       |       |       |       |     1 ||     1
       Figurine of a zig |       |       |       |       |       |       |       |       |     1 ||     1
  Use: Potion            |     1 |     6 |     7 |     4 |     2 |     9 |       |     3 |    67 ||    99
       Scroll            |     1 |     4 |     7 |    11 |    10 |    10 |    16 |    10 |    93 ||   162
  Eat: Chunk             |     2 |       |     2 |    12 |    18 |     6 |    12 |    18 |    34 ||   104
       Ration            |       |     1 |     4 |     4 |     7 |     9 |     2 |     4 |    49 ||    80
Armor: Scale mail        |    39 |    39 |       |     3 |       |       |       |       |       ||    81
       Plate armour      |       |       |   102 |    98 |   268 |   498 |   271 |   372 |   238 ||  1847
       Chain mail        |       |       |       |    51 |    71 |       |       |       |       ||   122
       Gold dragon scale |       |       |       |       |       |       |       |       |  1474 ||  1474
Dodge: Dodged            |    25 |    23 |    53 |   100 |   294 |   374 |   267 |   341 |  1599 ||  3076
Block: Shield            |    52 |    34 |   147 |   330 |   642 |   873 |   556 |   697 |   243 ||  3574
       Reflection        |       |       |       |       |       |   126 |    29 |    66 |   255 ||   476
       Large shield      |       |       |       |       |       |       |       |       |  7288 ||  7288
